 Dungeon Crawl Stone Soup version 0.17-a0-1564-g7b572aa (webtiles) character file.

591171 nubinia the Sorcerer (level 26, -9/152 HPs)
             Began as a Deep Elf Necromancer on July 19, 2015.
             Was the Champion of Ashenzari.
             Killed from afar by a hellion (25 damage)
             ... with a burst of hellfire
             ... summoned by an ancient lich
             ... on level 5 of the Realm of Zot on July 21, 2015.
             The game lasted 12:51:15 (82987 turns).

nubinia the Sorcerer (Deep Elf Necromancer)        Turns: 82987, Time: 12:51:15

Health: -9/152     AC: 21    Str: 12    XL:     26   Next: 21%
Magic:  45/55      EV: 36    Int: 33    God:    Ashenzari [******]
Gold:   6635       SH: 12    Dex: 22    Spells: 21 memorised, 8 levels left

rFire  + + +     SeeInvis +     a - +11 long sword of Capital Punishment {drain, rF+ rC+ Stlth+} (curse)
rCold  + . .     Clarity  +     I - +2 robe {rN+} (curse)
rNeg   + + .     SustAt   .     d - +3 buckler {AC+3} (curse)
rPois  +         Gourm    .     u - +2 hat {Int+3} (curse)
rElec  +         Spirit   .     r - +3 cloak of the Centipede {Str+4} (curse)
rCorr  +         Warding  .     T - +2 pair of gloves {Str+3} (curse)
rMut   .         Rnd*Tele +     f - +2 pair of boots {run} (curse)
MR     +++..                    Y - amulet of Sureumue {rCorr rElec} (curse)
Stlth  ++++......               N - ring "Vuzaicw" {rF+ MR+ Str+2} (curse)
                                K - ring "Muokkoto" {rPois rF+ rN+ Int+4} (curse)

@: about to teleport, very slightly contaminated, quick, extremely resistant to
hostile enchantments, stealthy
A: horns 1, yellow scales 1, berserk 1, clarity, mutation resistance 1,
teleportitis 1, weak 1
a: Scrying, Transfer Knowledge, Renounce Religion
0: Orb of Zot
}: 3/15 runes: barnacled, silver, gossamer


You were on level 5 of the Realm of Zot.
You worshipped Ashenzari.
Ashenzari was exalted by your worship.
You were not hungry.

You visited 11 branches of the dungeon, and saw 57 of its levels.
You also visited: Bailey and Volcano.

You collected 8847 gold pieces.
You spent 2212 gold pieces at shops.

Inventory:

Hand weapons
 a - the cursed +11 long sword of Capital Punishment (weapon) {drain, rF+ rC+ Stlth+}
   (You found it on level 4 of the Dungeon)

   A truly terrible weapon, it drains the life of those it strikes.
   It protects you from fire.
   It protects you from cold.
   It makes you more stealthy.
   It has a curse placed upon it.
Armour
 d - a cursed +3 buckler of protection (worn)
 f - a cursed +2 pair of boots of running (worn)
 r - the cursed +3 cloak of the Centipede (worn) {Str+4}
   (You found it on level 4 of the Spider Nest)

   It affects your strength (+4).
   It has a curse placed upon it.
 u - a cursed +2 hat of intelligence (worn)
 I - a cursed +2 robe of positive energy (worn)
 T - a cursed +2 pair of gloves of strength (worn)
Jewellery
 K - the cursed ring "Muokkoto" (left hand) {rPois rF+ rN+ Int+4}
   (You found it on level 3 of the Crypt)

   [ring of positive energy]

   It affects your intelligence (+4).
   It protects you from fire.
   It protects you from poison.
   It protects you from negative energy.
   It has a curse placed upon it.
 N - the cursed ring "Vuzaicw" (right hand) {rF+ MR+ Str+2}
   (You found it on level 7 of the Lair of Beasts)

   [ring of protection from fire]

   It affects your strength (+2).
   It protects you from fire.
   It affects your resistance to hostile enchantments.
   It has a curse placed upon it.
 Y - the cursed amulet of Sureumue (around neck) {rCorr rElec}
   (You found it on level 3 of the Crypt)

   [amulet of resist corrosion]

   It protects you from acid and corrosion.
   It insulates you from electricity.
   It has a curse placed upon it.
Magical devices
 b - a wand of lightning (5)
 e - a wand of fire (7)
 h - a wand of lightning (8)
 n - a wand of teleportation (1)
 q - a wand of teleportation (2)
 z - a wand of teleportation (3)
 B - a wand of draining (2)
 E - a wand of invisibility (6)
 P - a wand of draining (5)
 R - a wand of hasting (3)
 Z - a wand of cold (4)
Scrolls
 j - 6 scrolls of fear
 k - 11 scrolls of remove curse
 s - 11 scrolls of recharging
 w - 7 scrolls of magic mapping
 y - 19 scrolls of identify
 C - 4 scrolls of holy word
 D - 5 scrolls of curse armour
 G - 2 scrolls of blinking
 H - a scroll of brand weapon
 J - 4 scrolls of summoning
 L - 16 scrolls of enchant weapon
 M - 2 scrolls of curse weapon
 S - a scroll of amnesia
Potions
 g - 5 potions of brilliance
 i - 2 potions of cure mutation
 l - a potion of might
 o - 18 potions of curing
 p - 5 potions of cancellation
 t - a potion of resistance
 v - 2 potions of agility
 x - a potion of magic
 A - 3 potions of berserk rage
 F - 2 potions of flight
 U - 7 potions of haste
 W - a potion of invisibility
Books
 Q - Xiunlo Hoisi's Compendium of Moulding and the Rocks
   (You found it on level 5 of the Vaults)

   Spells                             Type                      Level
   a - Sticks to Snakes               Transmutation                2
   b - Passwall                       Transmutation/Earth          3
   c - Petrify                        Transmutation/Earth          4
   d - Blade Hands                    Transmutation                5
   e - Hydra Form                     Transmutation                6
Miscellaneous
 m - a lamp of fire
 X - a sack of spiders
Comestibles
 c - 16 meat rations


   Skills:
 + Level 11.7 Fighting
   Level 0.2(11.4) Short Blades
 + Level 15.8(19.7) Long Blades
 + Level 1.3 Throwing
 + Level 21.9(25.3) Dodging
 + Level 19.1(22.7) Stealth
 + Level 11.7(14.4) Shields
 + Level 26.5 Spellcasting
 + Level 10.5(14.7) Conjurations
 + Level 6.6(11.1) Charms
 + Level 1.5(4.5) Summonings
 + Level 19.3(22.8) Necromancy
 + Level 15.3(19.3) Translocations
 + Level 2.8(6.6) Air Magic
 + Level 2.9(6.7) Evocations


You had 8 spell levels left.
You knew the following spells:

 Your Spells              Type           Power        Failure   Level  Hunger
a - Magic Dart            Conj           ####         0%          1    None
b - Bolt of Draining      Conj/Necr      ########..   0%          5    None
c - Mephitic Cloud        Conj/Pois/Air  #######.     1%          3    None
d - Control Undead        Necr           ########..   0%          4    None
e - Dispel Undead         Necr           ########     0%          5    None
f - Controlled Blink      Tloc           N/A          1%          7    None
g - Shroud of Golubria    Chrm/Tloc      #######...   0%          2    None
h - Summon Lightning Spi  Summ/Air       ######..     1%          4    None
i - Iskenderun's Battles  Conj/Chrm      #######.     1%          5    None
j - Death Channel         Necr           ########..   0%          6    None
k - Swiftness             Chrm/Air       #######.     1%          2    None
m - Recall                Summ/Tloc      N/A          0%          3    None
n - Apportation           Tloc           ########..   0%          1    None
o - Iskenderun's Mystic   Conj           #######.     0%          4    None
p - Dazzling Spray        Conj/Hex       #######.     1%          3    None
q - Blink                 Tloc           N/A          0%          2    None
r - Repel Missiles        Chrm/Air       ######       1%          2    None
v - Vampiric Draining     Necr           ########..   0%          3    None
D - Animate Dead          Necr           N/A          0%          4    None
R - Regeneration          Chrm/Necr      ########..   0%          3    None
S - Animate Skeleton      Necr           N/A          0%          1    None


Dungeon Overview and Level Annotations

Branches:
Dungeon (15/15)            Temple (1/1) D:7            Lair (8/8) D:10
 Shoals (4/4) Lair:6       Spider (4/4) Lair:4        Slime (0/6) Lair:8
    Orc (4/4) D:11            Elf (3/3) Orc:4        Vaults (5/5) D:14
  Crypt (3/3) Vaults:3       Tomb (0/3) Crypt:3      Depths (5/5) D:15
    Zot (5/5) Depths:5

Altars:
Ashenzari
Cheibriados
Dithmenos
Elyvilon
Fedhas
Gozag
Kikubaaqudgha
Makhleb
Nemelex Xobeh
Okawaru
Ru
Sif Muna
Trog
Vehumet
Xom
Yredelemnul
Zin
The Shining One
Beogh

Shops:
D:8 !   Orc:4 *}[?   Elf:1 [   Elf:3 %   Shoals:2 (   Shoals:3 *   Vaults:1 %
Depths:2 !=*:

Portals:
Hell: Depths:1 Depths:2 Depths:3 Depths:4 Depths:5
Abyss: Depths:4
Pandemonium: Depths:3
Ziggurat: Depths:5

Annotations:
D:3 Grinder, Sigmund
D:9 exclusion: electric eel


Innate Abilities, Weirdness & Mutations

You have a pair of small horns on your head.
You are partially covered in yellow scales (AC +2).
You tend to lose your temper in combat.
You possess an exceptional clarity of mind.
You are somewhat resistant to further mutation.
You are occasionally teleported to nearby monsters.
You are weak. (Str -2)


Message History

Read which item? (? for menu, Esc to quit)
As you read the scroll of teleportation, it crumbles to dust.
You feel strangely unstable.
You feel the Orb delaying your translocation!
The orb of fire glows deep purple.
The fireball explodes!
The fireball engulfs you! You resist.
* * * LOW HITPOINT WARNING * * *
The fireball engulfs the red draconian.
The red draconian resists.
The green draconian completely misses you.
You block the green draconian monk's attack.
The green draconian monk closely misses you.
The green draconian monk tail-slaps you but does no damage.
You block the green draconian monk's attack.
The orb of fire glows deep purple.
Strange energies course through your body.
You feel odd for a moment. You block the red draconian's attack.
The Orb Guardian completely misses you. The hellion gestures at you.
The hellfire explodes!
The burst of hellfire engulfs you!
You die...

......)....)...........▓▓....X...
........&........^.....▓▓▓.......
................[......# ▓▓▓▓▓▓▓▓
.............L........###########
▓...................▓############
*▓.....{{..{.....▓▓▓▓############
▓▓8...8##▓▓▓▓▓▓▓▓▓▓▓############
##...................############
#...........^.X.@##....##########
....D.........X...###...#########
.....L..(.2XL.q....###.....^.....
....8^......dd.....#▓##..........
...^....L..§..*d...#▓▓#..........
...........(.......#▓▓##.........
........q..........#▓▓▓#.^.......
...................#▓▓##.........
..................##▓▓#..........


You could see an orb of fire, a green draconian monk, an ancient lich, a green
draconian, a purple draconian, a red draconian, 3 Orb Guardians and a hellion.

Vanquished Creatures
  6 ancient liches
  Sojobo (Crypt:2)
  Saint Roka (Orc:4)
  A curse toe (Zot:4)
  4 Killer Klowns
  4 golden dragons
  the Enchantress (Depths:4)
  A bone dragon (Crypt:3)
  Xtahua (Crypt:1)
  8 liches
  Rupert (D:12)
  13 tentacled monstrosities
  Asterion (Depths:2)
  2 deep elf blademasters (Elf:2)
  2 titans (Vaults:5)
  8 Orb Guardians
  2 deep elf master archers (Elf:3)
  2 sphinxes
  4 krakens
  Gastronok (D:12)
  6 storm dragons
  6 ancient champions
  A shadow dragon (Vaults:5)
  6 tengu reavers
  3 draconian monks
  Ilsuiw (Shoals:4)
  4 revenants
  8 fire giants
  5 frost giants
  An iron dragon (Vaults:5)
  Maud (Orc:4)
  5 draconian knights
  5 ghost moths
  7 deep elf sorcerers
  Aizul (Elf:2)
  10 vault wardens
  3 curse skulls
  7 draconian scorchers
  4 ghouls
  5 emperor scorpions
  2 draconian shifters (Zot:4)
  11 ironheart preservers
  A reaper (Crypt:2)
  3 spriggan defenders
  3 draconian annihilators
  2 very ugly things (Depths:5)
  7 draconian callers
  4 war gargoyles
  17 stone giants
  2 vampire knights
  8 black draconians
  6 deep elf annihilators
  8 deep elf demonologists
  6 mottled draconians
  6 purple draconians
  5 white draconians
  A salamander stormcaller (Vaults:2)
  2 red draconians
  13 green draconians
  2 yellow draconians
  A lorocyproca (Depths:5)
  2 large abominations
  6 deep elf death magi (Elf:3)
  4 merfolk javelineers
  12 fire dragons
  A fire dragon (shapeshifter) (Depths:4)
  4 deep elf high priests
  23 vault guards
  7 ettins
  6 merfolk impalers
  4 rakshasas
  6 entropy weavers
  Fannar (D:12)
  9 jiangshi
  10 yaktaur captains
  3 death cobs
  9 great orbs of eyes
  8 hydras
  13 ice dragons
  2 ice dragons (shapeshifter) (Depths:4)
  8 spriggan air magi
  2 alligator snapping turtles
  5 merfolk avatars
  Erolcha (D:11)
  2 death knights
  The ghost of PeterLawrence the Basher, a powerful GrFi of Okawaru (Lair:1)
  15 dancing weapons
  4 centaur warriors
  4 orc high priests
  6 deep troll shamans
  A satyr (Shoals:4)
  5 merfolk aquamancers
  9 ogre magi
  2 tengu warriors
  11 deep troll earth magi
  2 spriggan berserkers
  9 death yaks
  8 vampire magi
  Urug (Lair:3)
  2 soul eaters
  A salamander mystic (Depths:4)
  An unseen horror (shapeshifter) (Depths:2)
  5 shadow wraiths
  34 deep elf knights
  A golden dragon zombie (Crypt:3)
  4 wizards
  22 skeletal warriors
  14 deep trolls
  12 sea snakes
  A giant orange brain (shapeshifter) (Vaults:2)
  A hill giant (D:11)
  3 flayed ghosts
  9 deep elf summoners
  3 giant orange brains
  9 hell knights
  A lindwurm (Lair:8)
  An unseen horror (Vaults:1)
  11 ironbrand convokers
  2 sphinx zombies
  Pikel (D:5)
  A golden dragon skeleton (Crypt:2)
  An orb spider (shapeshifter) (Vaults:1)
  An anubis guard (shapeshifter) (Depths:1)
  15 harpies
  14 orc sorcerers
  A wolf spider zombie (Crypt:3)
  11 orc knights
  14 griffons
  29 ugly things
  An oklob plant (D:12)
  11 orb spiders
  4 necromancers
  5 phantasmal warriors
  5 hornets
  A shadow dragon skeleton (Crypt:3)
  A stone giant zombie (Depths:1)
  5 water nymphs
  17 moths of wrath
  3 fauns (Shoals:3)
  15 deep elf conjurers
  6 sirens
  A salamander (shapeshifter) (Depths:2)
  4 black mambas
  4 cyclopes
  7 manticores
  3 toenail golems (Volcano)
  14 wolf spiders
  6 naga magi
  A frost giant skeleton (Crypt:3)
  7 fire giant skeletons (Crypt:3)
  Joseph (D:7)
  15 elephants
  A molten gargoyle (Lair:2)
  16 vault sentinels
  A torpor snail (Spider:4)
  9 spiny frogs
  2 fire drakes
  9 gargoyles
  A shock serpent skeleton (Crypt:3)
  7 komodo dragons
  28 yaktaurs
  A centaur skeleton (D:11)
  An efreet (Depths:4)
  10 deep elf priests
  A fire drake (shapeshifter) (D:15)
  5 guardian mummies
  4 trolls
  14 demonic crawlers
  19 jumping spiders
  7 freezing wraiths
  A troll (shapeshifter) (D:15)
  26 merfolk
  A queen bee (shapeshifter) (D:15)
  28 slime creatures
  2 tengu conjurers
  A blue devil (Depths:1)
  A jumping spider (shapeshifter) (D:14)
  A wind drake (shapeshifter) (D:15)
  A bog body (Crypt:2)
  A fire giant simulacrum (Vaults:2)
  A wolf spider simulacrum (Vaults:1)
  9 snapping turtles
  21 two-headed ogres
  An ushabti (Crypt:3)
  An ice dragon zombie (Crypt:3)
  8 boulder beetles
  7 humans
  3 wind drakes
  4 flying skulls (Crypt:1)
  31 redbacks
  11 trapdoor spiders
  A wyvern (Lair:6)
  3 vampires
  19 tarantellas
  A tarantella (shapeshifter) (D:15)
  30 deep elf fighters
  2 ice dragon skeletons
  33 yaks
  10 water elementals
  5 air elementals
  32 deep elf magi
  11 wraiths
  10 fire dragon skeletons (Crypt:3)
  A hippogriff (shapeshifter) (Vaults:2)
  A spriggan (Depths:4)
  4 vampire mosquitoes
  2 steam dragons
  9 hippogriffs
  6 hungry ghosts
  A hog (shapeshifter) (Elf:3)
  5 shadows
  2 basilisks
  4 wargs
  9 wolves
  A warg (shapeshifter) (Depths:4)
  A naga (shapeshifter) (Vaults:5)
  12 water moccasins
  2 hydra simulacra (Depths:4)
  10 porcupines
  3 hell hounds (D:12)
  A monstrous demonspawn skeleton (Crypt:1)
  Duvessa (D:7)
  6 spiders
  An infernal demonspawn skeleton (Crypt:3)
  7 black bears
  A hornet simulacrum (D:14)
  A sky beast (D:9)
  A swamp dragon zombie (Crypt:2)
  7 ice beasts
  An eye of draining (shapeshifter) (Vaults:3)
  34 orc warriors
  A sky beast (shapeshifter) (Depths:2)
  A blink frog zombie (Crypt:2)
  8 centaurs
  2 necrophages (Crypt:2)
  4 wasps
  34 ogres
  A phantom (D:7)
  3 eyes of draining
  18 crocodiles
  2 big kobolds (D:7)
  A snapping turtle skeleton (Crypt:3)
  A brain worm (shapeshifter) (Depths:3)
  11 giant frogs
  Dowan (D:7)
  A water moccasin skeleton (D:5)
  6 killer bees (D:14)
  A scorpion (D:9)
  8 wights
  3 quasits
  3 electric eels
  A human simulacrum (Vaults:1)
  12 crimson imps
  A human zombie (Crypt:1)
  An iron imp (Depths:2)
  3 jellies
  A soldier ant zombie (Crypt:1)
  A centaur zombie (Crypt:3)
  7 iguanas
  Crazy Yiuf (D:5)
  2 giant frog skeletons
  Ijyb (D:3)
  2 giant frog zombies
  6 hounds
  25 orc priests
  8 worker ants
  7 hell rats (Lair:6)
  27 orc wizards
  2 killer bee zombies
  A crocodile skeleton (Crypt:1)
  A hound zombie (D:8)
  18 sheep
  An ogre skeleton (Crypt:2)
  9 mummies
  2 worker ant zombies
  9 adders
  7 gnolls
  50 river rats
  4 shadow imps
  3 oozes
  3 adder zombies
  7 giant geckos
  175 orcs
  A bat skeleton (D:8)
  A bat zombie (D:6)
  19 goblins
  31 hobgoblins
  9 jackals
  3 quokkas
  11 bats
  4 giant cockroaches
  2 giant cockroach zombies
  5 giant newts
  A giant newt zombie (Crypt:1)
  A jackal skeleton (D:5)
  24 kobolds
  An orc skeleton (Crypt:1)
  An orc zombie (Crypt:2)
  16 rats
  2 crawling corpses
  5 lost souls
  2 plants
  5 tentacles
2090 creatures vanquished.

Vanquished Creatures (collateral kills)
  Mennas (Depths:3)
  A Killer Klown (Zot:2)
  A golden dragon (Zot:3)
  An electric golem (Zot:5)
  Jorgrun (Depths:1)
  7 tentacled monstrosities
  A quicksilver dragon (Vaults:5)
  A deep elf blademaster (Elf:2)
  A sphinx (Crypt:3)
  4 shadow dragons
  7 tengu reavers
  3 storm dragons
  A revenant (Crypt:2)
  A draconian monk (Zot:3)
  2 fire giants (Vaults:5)
  5 frost giants
  A draconian knight (Zot:2)
  A draconian scorcher (Zot:1)
  10 vault wardens
  2 iron dragons (Vaults:5)
  An emperor scorpion (Spider:4)
  3 ghouls
  2 draconian shifters
  4 very ugly things
  A spriggan defender (Depths:4)
  6 ironheart preservers
  A draconian annihilator (Zot:2)
  10 stone giants
  A war gargoyle (Vaults:5)
  A draconian caller (Zot:1)
  4 green draconians
  5 white draconians
  A salamander stormcaller (Vaults:5)
  Azrael (D:12)
  4 mottled draconians
  A deep elf annihilator (Vaults:5)
  4 red draconians
  8 black draconians
  5 yellow draconians
  3 purple draconians
  A lorocyproca (Depths:4)
  An ettin (shapeshifter) (Vaults:5)
  A merfolk javelineer (Shoals:4)
  2 deep elf death magi
  7 ettins
  A crystal guardian (Vaults:5)
  18 vault guards
  3 fire dragons
  A fire dragon (shapeshifter) (Vaults:5)
  3 merfolk impalers
  3 yaktaur captains
  3 death cobs
  6 ice dragons
  4 jiangshi
  3 entropy weavers
  A hydra (Lair:6)
  A deep elf high priest (Vaults:5)
  6 ogre magi
  A catoblepas (Lair:8)
  3 spriggan air magi (Depths:4)
  3 rakshasas
  A merfolk avatar (Shoals:1)
  2 great orbs of eyes
  A merfolk aquamancer (Shoals:4)
  3 death yaks (Lair:5)
  2 death knights
  5 deep troll earth magi
  An orc high priest (Elf:1)
  A centaur warrior (Vaults:1)
  3 tengu warriors
  A spriggan berserker (Depths:4)
  3 deep troll shamans
  3 dancing weapons
  A shadow wraith (Vaults:5)
  3 hell knights
  14 skeletal warriors
  2 deep elf knights (Elf:2)
  2 salamander mystics (Depths:4)
  A fire crab (Depths:4)
  An unseen horror (D:15)
  A sea snake (Shoals:1)
  A giant orange brain (Depths:3)
  2 deep elf conjurers
  19 deep trolls
  A hill giant (Vaults:1)
  2 flayed ghosts
  4 necromancers
  3 ironbrand convokers
  11 ugly things
  A manticore (Shoals:4)
  7 wolf spiders
  5 harpies
  An orb spider (Spider:1)
  3 hornets
  4 orc knights
  3 griffons
  2 cyclopes
  6 elephants
  A cyclops (shapeshifter) (Depths:3)
  A stone giant skeleton (Crypt:3)
  An iron dragon skeleton (Crypt:3)
  7 moths of wrath
  An octopode (shapeshifter) (Vaults:2)
  A siren (Shoals:4)
  A spiny frog (Lair:6)
  A centaur zombie (D:14)
  A gargoyle (D:15)
  6 vault sentinels
  A torpor snail (Lair:5)
  A death yak zombie (Crypt:1)
  A naga mage (Depths:4)
  A yaktaur zombie (Depths:1)
  A yaktaur (shapeshifter) (Vaults:3)
  8 demonic crawlers
  13 yaktaurs
  A komodo dragon (shapeshifter) (Vaults:5)
  2 freezing wraiths
  A catoblepas skeleton (Crypt:2)
  5 jumping spiders
  A troll (D:12)
  A wind drake (Shoals:4)
  2 deep elf priests
  3 merfolk
  4 two-headed ogres
  3 slime creatures
  2 snapping turtles
  3 boulder beetles
  7 yaks
  A raiju (shapeshifter) (Depths:4)
  17 redbacks
  3 wraiths
  3 trapdoor spiders
  5 water elementals
  An ettin skeleton (Depths:1)
  A fire elemental (D:12)
  A hill giant zombie (Crypt:2)
  A vampire mosquito (Vaults:1)
  A spriggan (Depths:3)
  2 deep elf magi
  3 tarantellas
  2 deep elf fighters
  3 orc warriors
  3 porcupines
  A spider (shapeshifter) (Elf:3)
  A sky beast (D:15)
  A black bear (Lair:4)
  2 ice beasts
  6 spiders
  A fire dragon simulacrum (Depths:4)
  A phantom (D:5)
  3 centaurs
  A crocodile (Lair:8)
  4 wasps
  22 ogres
  A giant frog (Lair:2)
  A water moccasin skeleton (D:6)
  6 wights
  2 crimson imps (D:7)
  A human zombie (Crypt:1)
  A hound (D:5)
  2 orc wizards
  A two-headed ogre skeleton (Crypt:2)
  An orc priest (Vaults:3)
  A demigod zombie (Crypt:1)
  A sheep (D:7)
  A hound skeleton (D:10)
  4 mummies
  4 river rats
  An ooze (D:1)
  An adder skeleton (Crypt:2)
  A halfling skeleton (Crypt:1)
  14 orcs
  2 bats
  2 hobgoblins
  2 goblins (D:1)
  2 jackals
  A kobold skeleton (Crypt:3)
  3 crawling corpses (Vaults:5)
  2 fire vortices (Vaults:5)
  7 fungi
  A lost soul (Crypt:3)
  A plant (Shoals:4)
  A tentacle (Shoals:3)
556 creatures vanquished.

Vanquished Creatures (others)
  An Orb Guardian (Zot:5)
  A tentacled monstrosity (Zot:2)
  2 draconian knights (Zot:2)
  2 draconian zealots (Zot:2)
  A white draconian (Zot:3)
  A deep elf high priest (Vaults:5)
  A hell knight (Depths:2)
  An unseen horror (Vaults:1)
  A giant orange brain (Vaults:5)
  2 naga magi (Depths:4)
  2 ogres
  An orc (Elf:1)
  4 fire vortices (Vaults:5)
  4 fungi
  4 lost souls
  16 plants
  31 tentacles
  1589 tentacle segments
1664 creatures vanquished.

Grand Total: 4310 creatures vanquished

Notes
Turn   | Place    | Note
--------------------------------------------------------------
     0 | D:1      | nubinia the Deep Elf Necromancer began the quest for the Orb.
     0 | D:1      | Reached XP level 1. HP: 10/10 MP: 6/6
     7 | D:1      | Learned a level 1 spell: Animate Skeleton
   155 | D:1      | Found a shimmering altar of Xom.
   388 | D:1      | Reached skill level 5 in Necromancy
   523 | D:1      | Reached XP level 2. HP: 10/15 MP: 6/8
  1121 | D:1      | Reached XP level 3. HP: 13/19 MP: 7/10
  1126 | D:1      | Learned a level 3 spell: Vampiric Draining
  2137 | D:3      | Noticed Sigmund
  2243 | D:3      | Noticed Ijyb
  2875 | D:3      | Reached XP level 4. HP: 18/24 MP: 6/12
  3085 | D:3      | Killed Ijyb
  3269 | D:3      | Reached XP level 5. HP: 26/28 MP: 11/14
  3274 | D:3      | Learned a level 3 spell: Regeneration
  3279 | D:3      | Learned a level 4 spell: Control Undead
  3307 | D:3      | Reached skill level 6 in Necromancy
  3363 | D:3      | Noticed Grinder
  3363 | D:3      | Paralysed by Grinder for 2 turns
  3515 | D:4      | Got a translucent long sword
  3516 | D:4      | Identified the +11 long sword of Capital Punishment {drain, rF+ rC+ Stlth+} (You found it on level 4 of the Dungeon)
  3617 | D:4      | Noticed a centaur
  3626 | D:4      | Killed a centaur
  3626 | D:4      | Reached skill level 5 in Spellcasting
  3686 | D:4      | Reached XP level 6. HP: 29/33 MP: 6/16
  4228 | D:5      | Entered Level 5 of the Dungeon
  4305 | D:5      | Reached skill level 1 in Long Blades
  4517 | D:5      | Found a shadowy altar of Dithmenos.
  4558 | D:5      | Noticed Crazy Yiuf
  4640 | D:5      | Noticed Pikel
  4650 | D:5      | Killed Pikel
  4650 | D:5      | Reached skill level 1 in Fighting
  4650 | D:5      | Reached skill level 5 in Dodging
  4650 | D:5      | Reached skill level 7 in Necromancy
  4650 | D:5      | Reached XP level 7. HP: 24/38 MP: 12/18
  4664 | D:5      | Learned a level 4 spell: Animate Dead
  4761 | D:5      | Killed Crazy Yiuf
  4761 | D:5      | Reached XP level 8. HP: 39/43 MP: 14/19
  4807 | D:5      | Your ally Pikel died
  5122 | D:6      | Reached skill level 1 in Charms
  5669 | D:7      | Noticed Duvessa
  5669 | D:7      | Noticed Dowan
  5669 | D:7      | Noticed Joseph
  5978 | D:7      | Killed Duvessa
  5987 | D:7      | Killed Dowan
  5987 | D:7      | Reached skill level 8 in Necromancy
  6025 | D:7      | Found an iron altar of Okawaru.
  6641 | D:7      | Found a bloodstained altar of Trog.
  6650 | D:7      | Reached XP level 9. HP: 45/48 MP: 21/21
  6991 | D:7      | Found a staircase to the Ecumenical Temple.
  6997 | Temple   | Entered the Ecumenical Temple
  7036 | Temple   | Became a worshipper of Ashenzari the Shackled
  7115 | D:7      | Killed Joseph
  7299 | D:7      | Your ally Joseph died
  7804 | D:8      | Found a radiant altar of Vehumet.
  7988 | D:8      | Found Omua's Distillery.
  8120 | D:8      | Acquired Ashenzari's first power
  8179 | D:8      | Found a glowing silver altar of Zin.
  8302 | D:8      | Reached skill level 9 in Necromancy
  8481 | D:9      | Found a flagged portal.
  8489 | Bailey   | Entered a bailey
  8941 | Bailey   | Noticed an orc knight
  8941 | Bailey   | Noticed an orc knight
  8941 | Bailey   | Noticed an orc knight
  8963 | Bailey   | Killed an orc knight
  8963 | Bailey   | Reached XP level 10. HP: 33/53 MP: 4/25
  9088 | Bailey   | Killed an orc knight
  9103 | Bailey   | Killed an orc knight
  9192 | Bailey   | Reached skill level 10 in Necromancy
  9504 | D:9      | Found a deep blue altar of Sif Muna.
  9702 | D:9      | Reached skill level 10 in Spellcasting
 10295 | D:10     | Entered Level 10 of the Dungeon
 10319 | D:10     | Acquired Ashenzari's second power
 10434 | D:10     | Found a staircase to the Lair.
 10520 | D:10     | Reached skill level 5 in Long Blades
 11309 | Lair:1   | Entered Level 1 of the Lair of Beasts
 11328 | Lair:1   | Acquired Ashenzari's third power
 11749 | Lair:1   | Learned a level 5 spell: Agony
 11856 | Lair:1   | Reached XP level 11. HP: 60/60 MP: 27/27
 11930 | Lair:1   | Noticed PeterLawrence's ghost (powerful GrFi)
 12024 | Lair:1   | Learned a level 5 spell: Dispel Undead
 12076 | Lair:1   | Killed PeterLawrence's ghost
 12076 | Lair:1   | Reached skill level 11 in Necromancy
 12459 | Lair:2   | Acquired Ashenzari's fourth power
 12473 | Lair:2   | Reached skill level 10 in Stealth
 13639 | Lair:3   | Reached skill level 12 in Spellcasting
 13664 | Lair:3   | Noticed a seven-headed hydra
 13681 | Lair:3   | Killed a seven-headed hydra
 13904 | Lair:3   | Reached skill level 1 in Evocations
 13904 | Lair:3   | Reached XP level 12. HP: 62/66 MP: 22/30
 14143 | Lair:3   | Learned a level 5 spell: Bolt of Draining
 14251 | Lair:3   | Noticed Urug
 14274 | Lair:3   | Killed Urug
 14274 | Lair:3   | Reached skill level 1 in Conjurations
 14383 | Lair:3   | Noticed a five-headed hydra
 14402 | Lair:3   | Killed a six-headed hydra
 14402 | Lair:3   | Reached skill level 10 in Dodging
 14420 | Lair:3   | Your ally Urug died
 14830 | Lair:4   | Found a hole to the Spider Nest.
 14839 | Lair:4   | Reached skill level 13 in Spellcasting
 15482 | Lair:4   | Acquired Ashenzari's fifth power
 15806 | Lair:5   | Identified the Collected Works on the Entourage
 15931 | Lair:5   | Noticed a six-headed hydra
 16331 | Lair:5   | Killed a six-headed hydra
 16380 | Lair:5   | Found a runed door.
 16672 | Lair:5   | Noticed a seven-headed hydra
 16690 | Lair:5   | Killed a seven-headed hydra
 16690 | Lair:5   | Reached XP level 13. HP: 30/72 MP: 0/32
 16891 | Lair:6   | Found a dark tunnel.
 16905 | Volcano  | Entered a volcano
 17130 | Lair:6   | Learned a level 1 spell: Apportation
 17183 | Lair:6   | Reached skill level 5 in Conjurations
 17709 | Lair:6   | Reached skill level 5 in Fighting
 17757 | Lair:6   | Found a staircase to the Shoals.
 17825 | Lair:6   | Reached skill level 14 in Spellcasting
 18437 | Lair:7   | Identified the ring "Vuzaicw" {rF+ MR+ Str+2}
 18450 | Lair:7   | Learned a level 2 spell: Repel Missiles
 19285 | Lair:8   | Entered Level 8 of the Lair of Beasts
 20015 | Lair:8   | Identified the +4 ring mail "Daonlaxo" {Stlth+}
 20040 | Lair:8   | Reached XP level 14. HP: 70/78 MP: 27/34
 20271 | Lair:8   | Found a staircase to the Slime Pits.
 20632 | Lair:8   | Reached skill level 15 in Spellcasting
 20871 | Lair:8   | Identified a +0 pair of boots of running (You found it on level 8 of the Lair of Beasts)
 21641 | D:11     | Noticed Erolcha
 21647 | D:11     | Killed Erolcha
 21822 | D:11     | Your ally Erolcha died
 22462 | D:11     | Found a staircase to the Orcish Mines.
 22589 | Orc:1    | Entered Level 1 of the Orcish Mines
 23430 | Orc:2    | Found a roughly hewn altar of Beogh.
 24029 | Orc:2    | Found a bloodstained altar of Trog.
 24602 | Orc:4    | Entered Level 4 of the Orcish Mines
 24605 | Orc:4    | Noticed Maud
 24612 | Orc:4    | Noticed an orc warlord
 25066 | Orc:4    | Noticed Saint Roka
 25262 | Orc:4    | Killed Maud
 25675 | Orc:4    | Found a staircase to the Elven Halls.
 25715 | Orc:4    | Your ally Maud died
 26193 | Orc:4    | Paralysed by an orc sorcerer for 4 turns
 27139 | Orc:4    | Found Awiczep's Magic Scroll Boutique.
 27147 | Orc:4    | Found Xiniraamig's Antique Armour Emporium.
 27467 | Orc:4    | Found Fotecse's Gadget Emporium.
 27470 | Orc:4    | Found Hilireuf's Assorted Antiques.
 27478 | Orc:4    | Bought a pitted ivory ring for 135 gold pieces
 27478 | Orc:4    | Identified the ring of the Water Diviner {*Drain rElec MP+9 Str+2} (You bought it in a shop on level 4 of the Orcish Mines)
 27478 | Orc:4    | Bought a leatherbound manual for 405 gold pieces
 27478 | Orc:4    | Bought a scroll labeled SAOWIO QINOWIM for 27 gold pieces
 27894 | D:12     | Noticed Fannar
 27911 | D:12     | Reached skill level 1 in Shields
 27929 | D:12     | Killed Fannar
 27974 | D:12     | Noticed Gastronok
 27981 | D:12     | Killed Gastronok
 28068 | D:12     | Noticed Azrael
 28099 | D:12     | Your ally Fannar died
 28117 | D:12     | Reached XP level 15. HP: 73/84 MP: 25/36
 28130 | D:12     | Noticed Rupert
 28141 | D:12     | Killed Rupert
 28146 | D:12     | Gained mutation: You can translocate small distances at will. [potion of mutation]
 28146 | D:12     | Gained mutation: You are clumsy. (Dex -2) [potion of mutation]
 28146 | D:12     | Gained mutation: You passively map a small area around you. [potion of mutation]
 28147 | D:12     | Lost mutation: You are clumsy. (Dex -2) [potion of cure mutation]
 28147 | D:12     | Lost mutation: You passively map a small area around you. [potion of cure mutation]
 28147 | D:12     | Lost mutation: You can translocate small distances at will. [potion of cure mutation]
 28188 | D:12     | Killed Azrael
 28255 | D:12     | Your ally Rupert died
 28595 | D:13     | Found a snail-covered altar of Cheibriados.
 28655 | D:13     | Reached skill level 5 in Shields
 29550 | Spider:1 | Entered Level 1 of the Spider Nest
 29677 | Spider:1 | Learned a level 3 spell: Recall
 29684 | Spider:1 | Learned a level 6 spell: Death Channel
 30477 | Spider:2 | Identified the +1 cloak of the Louse {Int+3}
 30883 | Orc:4    | Bought a scroll of identify for 24 gold pieces
 30898 | Orc:4    | Bought a scroll of identify for 54 gold pieces
 31310 | Lair:6   | Learned a level 2 spell: Swiftness
 31570 | Spider:2 | Reached skill level 16 in Spellcasting
 31656 | Spider:2 | Reached skill level 15 in Necromancy
 32827 | Spider:3 | Reached skill level 10 in Long Blades
 33217 | Spider:4 | Entered Level 4 of the Spider Nest
 33512 | Spider:4 | Identified a +1 rod of the swarm (11/11)
 33860 | Spider:3 | Reached XP level 16. HP: 34/90 MP: 18/38
 35578 | Spider:4 | Identified the +3 cloak of the Centipede {Str+4}
 35910 | Spider:4 | Got a gossamer rune of Zot
 36808 | Shoals:1 | Entered Level 1 of the Shoals
 36808 | Shoals:1 | Identified the +7 flail of Integrity {flame, Dex+6}
 37893 | Shoals:2 | Reached skill level 17 in Spellcasting
 38721 | Shoals:2 | Found Xeust's Antique Weapon Boutique.
 39312 | Shoals:3 | Reached XP level 17. HP: 93/96 MP: 27/40
 39336 | Shoals:3 | Reached skill level 15 in Dodging
 39407 | Shoals:3 | Found Rega's General Store.
 40208 | Shoals:4 | Entered Level 4 of the Shoals
 40345 | Shoals:4 | Reached skill level 1 in Throwing
 40399 | Shoals:4 | Noticed Ilsuiw
 41823 | Shoals:4 | Killed Ilsuiw
 41943 | Shoals:4 | HP: 4/97 [poisoned by a merfolk aquamancer]
 42320 | Shoals:4 | Reached skill level 18 in Spellcasting
 42485 | Shoals:4 | Got a barnacled rune of Zot
 42925 | Shoals:4 | Upgraded the game from 0.17-a0-1554-g3b847ca to 0.17-a0-1562-g9b2c768
 43429 | Elf:1    | Entered Level 1 of the Elven Halls
 43868 | Elf:1    | Found Wuunyd's Armour Shop.
 44412 | Elf:1    | Reached XP level 18. HP: 101/103 MP: 29/42
 45296 | Elf:2    | Noticed Aizul
 45404 | Elf:2    | Killed Aizul
 45562 | Elf:2    | Found a runed gate.
 45562 | Elf:2    | Found a runed gate.
 45563 | Elf:2    | Found a runed gate.
 47014 | D:14     | Found a sacrificial altar of Ru.
 47176 | D:14     | Reached skill level 19 in Spellcasting
 47255 | D:14     | Found a gate to the Vaults.
 47294 | D:14     | Gained mutation: You expend magic power (3 MP) to strengthen your wands. [mutagenic meat]
 47614 | Lair:6   | Lost mutation: You expend magic power (3 MP) to strengthen your wands. [potion of cure mutation]
 47984 | D:14     | Found a burning altar of Makhleb.
 48382 | Vaults:1 | Entered Level 1 of the Vaults
 48522 | Vaults:1 | Found Etzuh's Food Shop.
 48887 | Vaults:1 | Gained mutation: You are partially covered in yellow scales (AC +2). [mutagenic meat]
 48888 | Vaults:1 | Gained mutation: You have a pair of small horns on your head. [mutagenic meat]
 49157 | Vaults:1 | Reached XP level 19. HP: 108/108 MP: 36/44
 50653 | Vaults:2 | Identified the cursed +0 blowgun "Fuutragofa" {evade, -Tele rF+ MR+++ Int+2} (You took it off an orc on level 2 of the Vaults)
 50916 | Vaults:2 | Gained mutation: You are somewhat resistant to further mutation. [potion of beneficial mutation]
 51381 | Vaults:2 | Reached skill level 20 in Spellcasting
 51916 | Vaults:3 | Noticed a lich
 51921 | Vaults:3 | Killed a lich
 52245 | Vaults:3 | Found a staircase to the Crypt.
 53084 | Vaults:3 | Reached XP level 20. HP: 81/115 MP: 46/46
 53103 | Vaults:3 | Reached skill level 15 in Stealth
 53455 | Crypt:1  | Entered Level 1 of the Crypt
 53590 | Crypt:1  | Noticed Xtahua
 53655 | Crypt:1  | Killed Xtahua
 53832 | Crypt:1  | Your ally Xtahua died
 54327 | Crypt:1  | Reached skill level 21 in Spellcasting
 54724 | Crypt:2  | Noticed Sojobo
 55297 | Crypt:2  | Killed Sojobo
 56831 | Crypt:3  | Entered Level 3 of the Crypt
 57388 | Crypt:3  | Identified the amulet of Sureumue {rCorr rElec}
 57408 | Crypt:3  | Learned a level 3 spell: Conjure Flame
 57412 | Crypt:3  | Learned a level 3 spell: Mephitic Cloud
 57681 | Crypt:3  | Identified the ring "Muokkoto" {rPois rF+ rN+ Int+4}
 57693 | Crypt:3  | Identified the ring "Doet" {rPois rF+ rN+ Int-4}
 57695 | Crypt:3  | Identified the ring of Yrubrif {rPois rN+ SInv} (You found it on level 3 of the Crypt)
 58102 | Crypt:3  | Found an ancient bone altar of Kikubaaqudgha.
 58104 | Crypt:3  | Noticed an ancient lich
 58110 | Crypt:3  | Killed an ancient lich
 58110 | Crypt:3  | Reached XP level 21. HP: 120/120 MP: 32/48
 58136 | Crypt:3  | Reached skill level 22 in Spellcasting
 58466 | Crypt:3  | Noticed an ancient lich
 58471 | Crypt:3  | Killed an ancient lich
 58656 | Crypt:3  | Identified the cursed +0 shortbow of Indomitability {velocity, Dex+2}
 58913 | Crypt:3  | Found a staircase to the Tomb.
 58960 | Crypt:3  | Learned a level 5 spell: Iskenderun's Battlesphere
 58962 | Crypt:3  | Learned a level 1 spell: Magic Dart
 58967 | Crypt:3  | Learned a level 4 spell: Iskenderun's Mystic Blast
 59990 | Elf:3    | Entered Level 3 of the Elven Halls
 60120 | Elf:3    | Noticed Mara
 60126 | Elf:3    | Noticed nubinia's illusion
 60142 | Elf:3    | Killed Mara
 60918 | Elf:3    | Identified the +4 long sword "Bag Citob" {venom, -Tele Str+5 Int+2} (You took it off a deep elf demonologist on level 3 of the Elven Halls)
 61071 | Elf:3    | Identified the +2 dire flail of Departure {crush, MR++} (You took it off a deep elf death mage on level 3 of the Elven Halls)
 61079 | Elf:3    | Identified the +1 mace of Inference {crush, MP+9} (You took it off a deep elf annihilator on level 3 of the Elven Halls)
 61404 | Elf:3    | Identified the +2 shield of the Boiling Point {rCorr Int+5 Dex-2} (You took it off a deep elf annihilator on level 3 of the Elven Halls)
 61423 | Elf:3    | Identified the ring of Rapurun {rF+ rN+ Int+4} (You took it off a deep elf high priest on level 3 of the Elven Halls)
 61678 | Elf:3    | Found Xank's Food Boutique.
 61778 | Elf:3    | Identified the +2 pair of boots of Impressiveness {rPois rC+}
 62320 | Orc:4    | Killed Saint Roka
 63263 | Vaults:4 | Reached skill level 23 in Spellcasting
 63346 | Vaults:4 | Reached XP level 22. HP: 119/127 MP: 34/51
 63863 | D:15     | Entered Level 15 of the Dungeon
 64301 | D:15     | Found a staircase to the Depths.
 64431 | D:15     | Reached skill level 10 in Fighting
 64801 | Depths:1 | Entered Level 1 of the Depths
 64984 | Depths:1 | Reached skill level 10 in Shields
 65017 | Depths:1 | Identified a -1 rod of shadows (10/10)
 65314 | Depths:1 | Found a gateway to Hell.
 65398 | Depths:1 | Identified the cursed -5 robe of Misfortune {-Cast *Contam *Tele EV-4 Str-2 Int-2 Dex-2 Stlth-- *Curse}
 65407 | Depths:1 | Reached skill level 5 in Charms
 65434 | Depths:1 | Found a radiant altar of Vehumet.
 65435 | Depths:1 | Identified the +2 robe of Honour {rF+ Regen+ Dex-5 Slay+3}
 65437 | Depths:1 | Identified the +1 hat "Wyegh" {rF+++ rC+ MR- MP+9}
 65451 | Depths:1 | Learned a level 3 spell: Dazzling Spray
 65463 | Depths:1 | Identified the +1 robe "Doruupeh" {MR+++}
 65469 | Depths:1 | Identified the cursed +0 hat "Igem" {Int+3 Slay+5} (You found it on level 1 of the Depths)
 65480 | Depths:1 | Noticed Jorgrun
 65492 | Depths:1 | Killed Jorgrun
 65663 | Depths:1 | Your ally Jorgrun died
 65918 | Depths:2 | Found Beifreg's Assorted Antiques.
 65974 | Depths:2 | Bought a scroll of remove curse for 72 gold pieces
 66145 | Depths:2 | Found Hoyb's Book Shop.
 66611 | Depths:2 | Noticed Asterion
 66619 | Depths:2 | Killed Asterion
 66787 | Depths:2 | Your ally Asterion died
 66870 | Depths:2 | Found Yviw's Distillery.
 67172 | Depths:2 | Found Wuskequn's Jewellery Emporium.
 67375 | Depths:3 | Noticed Mennas
 67521 | Depths:3 | Found a one-way gate leading to the halls of Pandemonium.
 67629 | Depths:3 | Killed Mennas
 67629 | Depths:3 | Reached skill level 1 in Air Magic
 68001 | Depths:3 | Reached XP level 23. HP: 111/132 MP: 15/52
 68028 | Depths:3 | Reached skill level 24 in Spellcasting
 68749 | Depths:2 | Bought a book of Spatial Translocations for 1495 gold pieces
 68752 | Depths:2 | Learned a level 2 spell: Blink
 68833 | Depths:2 | Learned a level 2 spell: Shroud of Golubria
 69280 | Lair:6   | Learned a level 4 spell: Summon Lightning Spire
 70196 | Depths:4 | Noticed the Enchantress
 70243 | Depths:4 | Killed the Enchantress
 70243 | Depths:4 | Identified the +4 faerie dragon armour {*Contam +Inv HP-9 Int+2} (You took it off the Enchantress on level 4 of the Depths)
 71496 | Depths:4 | Reached skill level 1 in Translocations
 71658 | Depths:4 | Identified the +1 pair of boots "Ugats" {Regen+ Str+2}
 71798 | Depths:4 | Found a one-way gate to the infinite horrors of the Abyss.
 72066 | Depths:4 | Learned a level 7 spell: Controlled Blink
 72066 | Depths:4 | Upgraded the game from 0.17-a0-1562-g9b2c768 to 0.17-a0-1564-g7b572aa
 72077 | Depths:5 | Entered Level 5 of the Depths
 72143 | Depths:5 | Reached skill level 5 in Translocations
 72410 | Depths:5 | Found a gate to the Realm of Zot.
 72443 | Depths:5 | Reached skill level 10 in Translocations
 72506 | Depths:5 | Found a gateway to a ziggurat.
 73422 | Vaults:5 | Entered Level 5 of the Vaults
 73649 | Vaults:5 | Identified the cursed +0 buckler of Fyzawk {rPois} (You took it off a tengu reaver on level 5 of the Vaults)
 73735 | Vaults:5 | Identified the amulet of Sik Lent {rMut +Inv rF+ Slay-4} (You took it off a vault warden on level 5 of the Vaults)
 73739 | Vaults:5 | Reached XP level 24. HP: 121/139 MP: 24/53
 73812 | Vaults:5 | Identified the +12 mace "Fahuttoyko" {pain, +Rage} (You took it off an ironbrand convoker on level 5 of the Vaults)
 73861 | Vaults:5 | Noticed an ancient lich
 73880 | Vaults:5 | Reached skill level 15 in Translocations
 73980 | Vaults:5 | Identified the +8 quarterstaff "Bocvokhu" {venom, *Corrode rElec rPois Int+4} (You took it off a vault guard on level 5 of the Vaults)
 74008 | Vaults:5 | Reached skill level 1 in Summonings
 74051 | Vaults:5 | Reached skill level 25 in Spellcasting
 74058 | Vaults:5 | Identified the +4 hand crossbow "Dodal" {velocity, rN+} (You took it off a deep elf priest on level 5 of the Vaults)
 74071 | Vaults:5 | Identified the ring of the Rose {SustAt *Drain rN++ Dex+3} (You took it off an ironbrand convoker on level 5 of the Vaults)
 74110 | Vaults:5 | Identified the +1 ring mail of the Scribe {rPois rC+ Str+4} (You took it off a vault warden on level 5 of the Vaults)
 74284 | Vaults:5 | Killed an ancient lich
 74294 | Vaults:5 | Noticed an ancient lich
 74301 | Vaults:5 | Killed an ancient lich
 74461 | Vaults:5 | Got a silver rune of Zot
 74504 | Vaults:5 | Identified the Handbook of Twisted Talismans (You found it on level 5 of the Vaults)
 74609 | Vaults:5 | Identified Xiunlo Hoisi's Compendium of Moulding and the Rocks (You found it on level 5 of the Vaults)
 75670 | Zot:1    | Entered Level 1 of the Realm of Zot
 75784 | Zot:1    | Reached skill level 15 in Long Blades
 77393 | Zot:2    | Reached XP level 25. HP: 136/145 MP: 26/54
 77472 | Zot:2    | Identified the +9 great sword of Premature Burial {speed, rElec rC+}
 79496 | Zot:3    | Reached skill level 26 in Spellcasting
 79713 | Zot:4    | Reached skill level 10 in Conjurations
 80208 | Zot:4    | Identified the cursed -5 shield of the Elephant {rElec rPois Str+6 Int-4} (You acquired it on level 4 of the Realm of Zot)
 80399 | Zot:5    | Entered Level 5 of the Realm of Zot
 81443 | Zot:5    | Noticed an ancient lich
 81447 | Zot:5    | Killed an ancient lich
 81494 | Zot:5    | Noticed an orb of fire
 81584 | Zot:4    | Reached XP level 26. HP: 121/152 MP: 24/55
 81936 | Zot:5    | Noticed an orb of fire
 81954 | Zot:5    | Noticed an orb of fire
 82070 | Zot:5    | Noticed an orb of fire
 82071 | Zot:5    | Gained mutation: You are weak. (Str -2) [an orb of fire]
 82155 | Zot:5    | Noticed an orb of fire
 82172 | Zot:5    | Noticed an ancient lich
 82347 | Zot:5    | Noticed an orb of fire
 82499 | Zot:5    | Noticed an ancient lich
 82632 | Zot:5    | Noticed an orb of fire
 82633 | Zot:5    | Noticed an ancient lich
 82642 | Zot:5    | Killed an ancient lich
 82924 | Zot:5    | Noticed an ancient lich
 82932 | Zot:5    | Gained mutation: You possess an exceptional clarity of mind. [an orb of fire]
 82938 | Zot:5    | Got the Orb of Zot
 82954 | Zot:5    | Gained mutation: You tend to lose your temper in combat. [an orb of fire]
 82958 | Zot:5    | Gained mutation: You are occasionally teleported to nearby monsters. [an orb of fire]
 82976 | Zot:5    | Noticed Kaxeulis the pandemonium lord
 82987 | Zot:5    | Killed from afar by a hellion

Vault maps used:
D:1:      mrwooster_arrival_statue, xom_teletrap_fun
D:2:      first_bread
D:3:      gammafunk_temple_overflow_wave, serial_forest,
          infiniplex_forest_end_1, infiniplex_forest_lined_corner,
          infiniplex_forest_straight_2, infiniplex_forest_straight_3,
          infiniplex_forest_straight_1, infiniplex_forest_clump_cross,
          infiniplex_forest_end_3, infiniplex_forest_corner_1, minivault_5,
          minmay_misc_feat_diagonals, uniq_sigmund, uniq_grinder, uniq_iyjb
D:5:      grunt_dithmenos_shadows, uniq_pikel, uniq_crazy_yiuf_cottage
D:7:      lemuel_round_altar, minmay_temple_entry_hall, grunt_livestock,
          trog_butcher_becter, uniq_duvessa, uniq_joseph
D:8:      zin_scriptorium, serial_shops, nicolae_shop_statue_plus,
          vehumet_altar_wand_db
D:9:      nicolae_overflow_crystal_walls, enter_bailey_2, water_boxes_lemuel
D:10:     minmay_lair_entry_lava
D:11:     hiddenorc1_lemuel, kennysheep_generic_room_6, uniq_erolcha
D:12:     dpeg_stationary_puzzle, uniq_rupert, uniq_fannar, uniq_azrael,
          uniq_gastronok
D:13:     basic_altar
D:14:     erik_vaults_2, nicolae_ru_sacrificial_ziggurat,
          makhleb_altar_promises_db
D:15:     gammafunk_enter_depths_forms
Temple:   nicolae_temple_god_jail
Lair:1:   cheibrodos_lair_caveside_slide
Lair:3:   small_statue_intersection, beast_lair_carwin_8, grunt_megastairs_3,
          lemuel_fruit_tree, serial_bayou_shore_b, serial_bayou_shore_b,
          uniq_urug
Lair:4:   spider_nest_entry_funnel_web
Lair:5:   pf_torpor_hydra, infiniplex_staircase_pool
Lair:6:   elwin_shoals_entry_stream, enter_volcano_1, lemuel_old_faithful
Lair:8:   grunt_lair_end_beastmaster, dpeg_slime_entry_corner,
          patterned_corridor, serial_bayou_shore_a
Shoals:2: nicolae_shoals_c_island
Shoals:3: serial_shops, nicolae_shop_stone
Shoals:4: shoals_end_hangedman, shoal_ilsuiw
Spider:1: nicolae_spider_hall_of_the_moth_king
Spider:2: nicolae_crawler_farm
Spider:3: spider_trap
Spider:4: guppyfry_spider_rune
Orc:1:    nicolae_orc_sculptors_studio
Orc:2:    nicolae_orc_damp_corner, hangedman_feature_mirror, abandoned_shop
Orc:3:    nicolae_orc_pool_cavern
Orc:4:    st_orc_elflike, nicolae_orc_crystal_geode, uniq_saint_roka, uniq_maud
Elf:1:    eino_elf_arrival_shootout, serial_shops, shop, orc_legates
Elf:2:    serial_sigils, serial_sigils_hangedman_scratch,
          serial_sigils_hangedman_snap, serial_sigils_hangedman_gnaw,
          serial_sigils_hangedman_scar, st_stairs_5, minmay_fountain_box,
          uniq_aizul
Elf:3:    grunt_elf_hall_spiral, serial_shops,
          nicolae_shop_competitors_out_of_business, uniq_mara
Vaults:1: v_misc_2, hangedman_vaults_stagger, v_rooms_2, vaults_room_grid,
          v_alt_pattern_3, v_misc_2, ontoclasm_vaults_idyll, v_alt_pattern_6,
          vaults_room_semicircle, vaults_room_fancy_cross,
          ontoclasm_vaults_claustrophobia, vaults_room_corners, serial_shops,
          nicolae_shop_stone
Vaults:2: hangedman_vaults_restitches, nicolae_vaults_big_ls, v_pattern_1,
          hangedman_vaults_capsules, hangedman_vaults_stream,
          grunt_vaults_swirl, vaults_dpeg_spiral, ontoclasm_vaults_ligature,
          vaults_dpeg_cross, hangedman_vaults_impose
Vaults:3: st_cross, v_alt_pattern_5, v_pattern_3,
          minmay_crypt_entry_simple_statues, nicolae_vaults_little_squares_4,
          nicolae_vaults_border_crossing, hangedman_vaults_river_flow,
          vaults_room_octagon, nicolae_vaults_rhombus_6,
          dpeg_vaults_monster_box, v_misc_19, vaults_room_fancy_cross,
          ontoclasm_vaults_spin, v_alt_pattern_1,
          nicolae_vaults_diagonal_hallway_9
Vaults:4: v_misc_1, v_misc_8, v_misc_18, v_misc_13, grunt_vaults_diagonal,
          vaults_room_door_hall, hangedman_vaults_restitches,
          vaults_standard_mumra_enter_the_diamond, grunt_vaults_hallway_short,
          nicolae_vaults_shelves_hall
Crypt:1:  grunt_crypt_arrival_guarded_gate, uniq_xtahua
Crypt:2:  roderic_lattice_octagonal_star, uniq_sojobo
Crypt:3:  quadcrypt_mu
Depths:1: hangedman_coc_ice_floe, hangedman_decor_push, kennysheep_crisscross,
          minmay_misc_feat_cross, minmay_stone_trees_small,
          serial_sigils_hangedman_snap, grunt_tower_of_power, uniq_jorgrun
Depths:2: minmay_imperfect_grid, minmay_misc_feat_x, serial_shops,
          nicolae_shop_behind_doors, shop, shop, nicolae_shop_waterfront,
          serial_column_ruins, column_ruins_hut, column_ruins_circle_medium,
          column_ruins_open_tiny, column_ruins_grid_1, column_ruins_open_large,
          column_ruins_grid_3, grunt_hell_entry_dis_grunt, uniq_asterion
Depths:3: minmay_box_of_statues, minmay_misc_feat_ornament, pan_entry,
          pf_hell_entry_tar_spiral, nicolae_wwwww, uniq_mennas
Depths:4: hangedman_crystal_crosses_colossus, abyss_entry, hell_entry,
          uniq_enchantress
Depths:5: grunt_x_marks_the_spot, enter_ziggurat_d, hell_entry,
          minmay_misc_feat_square, hangedman_abyss_or_decor_stabs
Zot:1:    hangedman_zot_decor_scrapings
Zot:2:    grunt_zot_stairs_faceoff
Zot:5:    bh_zot_ikea_curve, st_stairs_11
Bailey:   bailey_polearm_1, bailey
Volcano:  volcano_bunker

Action                   |  1- 3 |  4- 6 |  7- 9 | 10-12 | 13-15 | 16-18 | 19-21 | 22-24 | 25-27 || total
-------------------------+-------+-------+-------+-------+-------+-------+-------+-------+-------++-------
Melee: Dagger            |    63 |    52 |       |       |       |       |       |       |       ||   115
       Long sword        |       |    84 |   257 |   472 |  1487 |  1503 |  1392 |  1779 |   704 ||  7678
 Fire: Blowgun           |       |       |     8 |       |       |       |       |       |       ||     8
Throw: Stone             |       |       |       |       |       |     5 |     1 |       |       ||     6
 Cast: Pain              |    47 |     5 |    51 |    59 |    24 |     7 |     2 |       |       ||   195
       Animate Skeleton  |    21 |    26 |    12 |    23 |    40 |    47 |    33 |    35 |     8 ||   245
       Vampiric Draining |       |     3 |    11 |    25 |    51 |    25 |    36 |    43 |    17 ||   211
       Regeneration      |       |     2 |     3 |     2 |    23 |    36 |    19 |    32 |    15 ||   132
       Animate Dead      |       |       |    19 |    38 |   114 |   108 |    51 |   107 |    36 ||   473
       Control Undead    |       |       |     2 |     8 |     4 |     7 |    48 |    13 |     1 ||    83
       Agony             |       |       |       |    11 |    20 |    28 |       |       |       ||    59
       Dispel Undead     |       |       |       |     4 |     6 |     4 |   143 |    25 |     9 ||   191
       Bolt of Draining  |       |       |       |       |     4 |   154 |    99 |    86 |    41 ||   384
       Repel Missiles    |       |       |       |       |     1 |     4 |       |     4 |     4 ||    13
       Apportation       |       |       |       |       |     2 |     1 |       |     2 |     1 ||     6
       Recall            |       |       |       |       |     1 |       |     1 |     9 |     2 ||    13
       Swiftness         |       |       |       |       |       |     3 |       |       |     4 ||     7
       Death Channel     |       |       |       |       |       |     9 |    33 |    71 |    25 ||   138
       Iskenderun's Myst |       |       |       |       |       |       |     1 |       |       ||     1
       Magic Dart        |       |       |       |       |       |       |       |    13 |    34 ||    47
       Iskenderun's Batt |       |       |       |       |       |       |       |     6 |    13 ||    19
       Dazzling Spray    |       |       |       |       |       |       |       |     3 |       ||     3
       Mephitic Cloud    |       |       |       |       |       |       |       |    31 |    48 ||    79
       Shroud of Golubri |       |       |       |       |       |       |       |     8 |    14 ||    22
       Controlled Blink  |       |       |       |       |       |       |       |     5 |    11 ||    16
       Blink             |       |       |       |       |       |       |       |     1 |     6 ||     7
       Summon Lightning  |       |       |       |       |       |       |       |     1 |     3 ||     4
Invok: Transfer Knowledg |       |       |       |       |       |       |       |     1 |       ||     1
       Scrying           |       |       |       |       |       |       |       |       |     2 ||     2
Evoke: Wand              |       |       |       |    13 |    22 |     8 |    15 |    16 |     2 ||    76
       Lamp of fire      |       |       |       |       |       |     1 |     3 |     2 |     1 ||     7
  Use: Scroll            |     2 |     5 |    10 |    11 |    18 |    11 |    15 |    21 |     7 ||   100
       Potion            |     1 |     1 |     5 |     5 |     5 |     6 |     8 |     3 |    11 ||    45
 Stab: Sleeping          |     7 |    15 |    19 |    47 |    88 |    51 |    51 |    40 |     7 ||   325
       Distracted        |       |     2 |     1 |     3 |    25 |    28 |    29 |    64 |    24 ||   176
       Paralysed         |       |       |       |     2 |       |       |       |       |       ||     2
       Invisible         |       |       |       |       |     2 |       |       |     1 |       ||     3
       Held in net/web   |       |       |       |       |       |       |     1 |       |       ||     1
       Confused          |       |       |       |       |       |       |       |    39 |    62 ||   101
  Eat: Chunk             |     2 |     6 |    12 |    23 |    45 |    34 |    29 |    48 |     9 ||   208
       Meat ration       |     1 |       |     2 |       |     1 |     4 |     3 |       |     2 ||    13
       Pizza             |       |       |     1 |       |     1 |     1 |       |       |       ||     3
       Fruit             |       |       |       |     3 |     6 |       |       |     4 |     3 ||    16
       Beef jerky        |       |       |       |       |     3 |       |     1 |     1 |     1 ||     6
       Royal jelly       |       |       |       |       |     2 |       |       |       |       ||     2
       Bread ration      |       |       |       |       |       |       |     1 |       |       ||     1
